 Dungeon Crawl Stone Soup version 0.23.2-40-g277498a (webtiles) character file.

Game seed: 5067990058845126557

569 Fang the Skirmisher (level 7, -2/66 HPs)
             Began as a Gargoyle Berserker on Oct 23, 2019.
             Was a Believer of Trog.
             Slain by an orc warrior
             ... wielding a +0 mace
              (14 damage)
             ... on level 6 of the Dungeon.
             The game lasted 00:06:49 (4159 turns).

Fang the Skirmisher (Gargoyle Berserker)            Turns: 4159, Time: 00:06:50

Health: -2/66      AC: 16    Str: 29      XL:     7   Next: 33%
Magic:  7/7        EV:  9    Int:  8      God:    Trog [**....]
Gold:   324        SH:  0    Dex:  3 (9)  Spells: 6/6 levels left

rFire    + . .     SeeInvis .   a - +1 hand axe
rCold    . . .     Gourm    +   (no shield)
rNeg     + . .     Faith    .   b - +0 chain mail
rPois    ∞         Spirit   .   g - +1 helmet
rElec    +         Reflect  .   (no cloak)
rCorr    .         Harm     .   (no gloves)
MR       .....                  (no boots)
Stlth    ..........             h - amulet of the gourmand
HPRegen  0.21/turn              v - ring of protection from fire
MPRegen  0.10/turn              q - +2 ring of strength

@: berserking (expiring), very quick
A: negative energy resistance 1, electricity resistance, unbreathing,
petrification resistance, rot immunity, AC +4
a: Berserk, Trog's Hand, Renounce Religion


You were on level 6 of the Dungeon.
You worshipped Trog.
Trog was pleased with you.
You were full.

You visited 2 branches of the dungeon, and saw 7 of its levels.

You collected 324 gold pieces.

Inventory:

Hand Weapons
 a - a +1 hand axe (weapon)
Armour
 b - a +0 chain mail (worn)
 g - a +1 helmet (worn)
Jewellery
 h - an amulet of the gourmand (around neck)
 o - an uncursed ring of positive energy
 q - a +2 ring of strength (right hand)
 s - an uncursed ring of ice
 v - a ring of protection from fire (left hand)
Scrolls
 e - 2 scrolls of amnesia
 i - 7 scrolls of identify
 k - 2 scrolls of enchant weapon
 l - 2 scrolls of teleportation {unknown}
 n - 2 scrolls of remove curse
 p - 2 scrolls of magic mapping {unknown}
Potions
 d - a potion of mutation
 f - 3 potions of lignification {unknown}
 j - a potion of flight {unknown}
 m - 3 potions of curing {unknown}
 r - a potion of haste {unknown}
 w - a potion of resistance {unknown}
Comestibles
 c - 14 rations


   Skills:
 + Level 5.2 Fighting
 + Level 4.3 Axes
 + Level 4.7 Armour
 + Level 3.4 Dodging


You had 6 spell levels left.
You didn't know any spells.
Your spell library was empty.

Dungeon Overview and Level Annotations

Branches:
Dungeon (6/15)             Temple (1/1) D:5

Altars:
Fedhas
Qazlal
Xom
The Shining One


Innate Abilities, Weirdness & Mutations

You are resistant to torment.
Your stone body is resilient. (AC +4)
You are immune to poison.
You resist negative energy. (rN+)
You are resistant to electric shocks. (rElec)
You can survive without breathing.
You are immune to petrification.
You are immune to rotting.


Message History

The orc priest calls upon Beogh to heal the orc warrior.
The orc warrior's wounds heal themselves!
The phantom hits you.
You hit the orc warrior but do no damage.
You closely miss the jackal. You hit the phantom.
The jackal bites you but does no damage.
The orc warrior hits you with a +0 mace!
* * * LOW HITPOINT WARNING * * *
The orc priest looks satisfied for a moment.
You barely miss the orc warrior. You slash the jackal!
You kill the jackal!
Trog accepts your kill.
You miss the phantom.
The phantom hits you but does no damage.
The orc warrior hits you but does no damage.
You closely miss the orc warrior. You slash the phantom!
The phantom blinks!
You hit the orc warrior.
The orc warrior is lightly wounded.
The orc warrior hits you with a +0 mace!
You die...

#. ##. .# #. #..
.## #.## #.# .W #
...## # #.# ##.##.#
....## #.#.# #.o...
.....#####.#.###†.#
.........#....o§)o#
.....###.###.###@##
..<.####.###.# #.#
.............# #.#
#.######.##### #.#
#. #.# #.# .. ..#
#.# #. #### #.# #.
#.# ..


You could see a phantom, an orc warrior and 2 orc priests.

Vanquished Creatures
  Eustachio (D:5)
  An ogre (D:4)
  A howler monkey (D:4)
  A centaur skeleton (D:5)
  2 orc priests (D:3)
  An iguana (D:4)
  An orc wizard (D:6)
  A worker ant (D:5)
  3 adders (D:3)
  A shadow imp (D:5)
  An ooze (D:1)
  2 worms
  3 dart slugs
  2 leopard geckos
  14 orcs
  5 bats
  A giant cockroach (D:3)
  7 goblins
  7 hobgoblins
  6 jackals
  3 kobolds (D:3)
  3 quokkas
  3 frilled lizards
  A leopard gecko skeleton (D:4)
  A quokka skeleton (D:5)
  6 rats
78 creatures vanquished.

Vanquished Creatures (others)
  An orc wizard (D:6)
1 creature vanquished.

Grand Total: 79 creatures vanquished

Notes
Turn   | Place    | Note
-------+----------+-------------------------------------------
     0 | D:1      | Fang the Gargoyle Berserker began the quest for the Orb.
     0 | D:1      | Reached XP level 1. HP: 14/14 MP: 1/1
   248 | D:1      | You fall through a shaft!
   262 | D:2      | Reached XP level 2. HP: 19/19 MP: 2/2
   584 | D:2      | Found a stormy altar of Qazlal.
  1067 | D:1      | Reached XP level 3. HP: 17/23 MP: 3/3
  1398 | D:3      | Reached ** piety under Trog
  1398 | D:3      | Reached XP level 4. HP: 24/29 MP: 4/4
  1400 | D:3      | Reached skill level 4 in Fighting
  1527 | D:3      | Reached XP level 5. HP: 19/33 MP: 5/5
  1790 | D:3      | Found a blossoming altar of Fedhas.
  2567 | D:4      | Reached XP level 6. HP: 39/39 MP: 6/6
  2949 | D:4      | Found a glowing golden altar of the Shining One.
  3126 | D:5      | Entered Level 5 of the Dungeon
  3313 | D:5      | Noticed Eustachio
  3348 | D:5      | Found a shimmering altar of Xom.
  3702 | D:5      | Found a staircase to the Ecumenical Temple.
  3715 | Temple   | Entered the Ecumenical Temple
  3826 | D:5      | Killed Eustachio
  3826 | D:5      | Reached skill level 5 in Fighting
  3826 | D:5      | Reached XP level 7. HP: 15/44 MP: 7/7
  4159 | D:6      | Slain by an orc warrior

Skill      XL: |  1  2  3  4  5  6 |
---------------+-------------------+-----
Axes           | 3 4 |  4.3
Dodging        | 2 3 |  3.4
Armour         | 3 4 |  4.7
Fighting       | 4 5 |  5.2

Action                   |  1- 3 |  4- 6 |  7- 9 || total
-------------------------+-------+-------+-------++-------
Melee: Hand axe          |    77 |   268 |    38 ||   383
Invok: Berserk           |       |     4 |     1 ||     5
       Trog's Hand       |       |     3 |       ||     3
  Use: Scroll            |       |     5 |       ||     5
  Eat: Chunk             |    10 |    18 |     2 ||    30
Armor: Animal skin       |     5 |       |       ||     5
       Chain mail        |    73 |   410 |    55 ||   538
Dodge: Dodged            |    45 |   263 |    11 ||   319
